AoeStats
← Tu padre

Arena

510448046Analyzed
2v2 RM · 9h ago on Oct 1, 2026· 54m 43s· 4 players
Game mode
Random Map
Map size
Medium (4 player)
Population
200
Speed
Normal
Resources
Standard
Victory
Conquest
Starting age
Dark Age
Ending age
Imperial Age
RankedLock teamsTeams togetherTeam positionsShared explorationLock speedFull tech treeHidden civsTurbo modeCheats
Victory
Defeat
🇲🇽 Bohemians · Mexico
772
+12
🇲🇽 Teutons · Mexico
752
+13
🇦🇷 Huns · Argentina
710
-13
🇦🇷 Teutons · Argentina
666
-12
THE RANDY
7:09 Loom
12:51 Feudal Age
15:19 Fletching
23:42 Castle Age
25:24 Bodkin Arrow
31:16 Scale Barding Armor
31:10 Double-Bit Axe
32:29 Bow Saw
35:00 Man-at-Arms
40:52 Murder Holes
43:21 Horse Collar
44:49 Heavy Plow
51:29 Marauders
riky010pichichin
11:29 Feudal Age
12:12 Horse Collar
12:21 Double-Bit Axe
12:43 Gold Mining
18:54 Castle Age
19:42 Loom
19:30 Man-at-Arms
19:58 Gambesons
22:25 Long Swordsman
33:08 Imperial Age
33:04 Wheelbarrow
34:00 Cavalier
38:29 Hand Cart
38:57 Scale Barding Armor
39:24 Guilds
39:59 Paladin
41:02 Heavy Plow
42:24 Forging
45:42 Stone Mining
46:39 Iron Casting
46:26 Chain Barding Armor
47:31 Chemistry
47:30 Scale Mail Armor
48:31 Blast Furnace
48:36 Stone Shaft Mining
dragonbanshe1
13:10 Feudal Age
16:41 Castle Age
15:28 Double-Bit Axe
19:26 Chemistry
21:48 Pikeman
22:15 Horse Collar
26:18 Squires
26:28 Padded Archer Armor
27:19 Wheelbarrow
31:50 Hand Cart
31:55 Bow Saw
33:21 Leather Archer Armor
39:47 Forging
39:38 Scale Mail Armor
40:16 Arson
40:50 Wagenburg Tactics
43:50 Imperial Age
43:52 Iron Casting
43:32 Chain Mail Armor
43:55 Halberdier
45:21 Conscription
45:08 Wagenburg Tactics
51:02 Blast Furnace
50:32 Plate Mail Armor
53:22 Caravan
54:32 Town Watch
Tu padre
0:44 Loom
17:08 Feudal Age
19:39 Man-at-Arms
28:12 Castle Age
26:58 Double-Bit Axe
31:40 Horse Collar
34:33 Forging
34:24 Scale Mail Armor
35:14 Wheelbarrow
34:25 Town Watch
35:58 Scale Barding Armor
36:29 Iron Casting
36:20 Bow Saw
36:53 Gold Mining
37:26 Chain Barding Armor
36:59 Stone Mining
40:33 Imperial Age
39:30 Bloodlines
40:52 Hand Cart
40:41 Town Patrol
41:08 Cavalier
42:16 Caravan
43:54 Blast Furnace
43:30 Plate Barding Armor
44:20 Stone Shaft Mining
44:03 Heavy Plow
45:11 Two-Man Saw
45:57 Guilds
47:25 Crop Rotation
46:40 Paladin
47:52 Capped Ram
49:21 Coinage
54:07 Chain Mail Armor
53:53 Padded Archer Armor
53:44 Fletching
54:47 Masonry
54:43 Siege Engineers
54:49 Fortified Wall
54:31 Heated Shot
Connection lost

Rejoining the realm…

Still unreachable

The connection could not be restored.

Session expired

The server has moved on; the page needs a fresh start.